 Dungeon Crawl Stone Soup version 0.19.5 (webtiles) character file.

63 Gargoyl the Skirmisher (level 4, -3/37 (40) HPs)
             Began as a Ghoul Abyssal Knight on Mar 11, 2017.
             Was a Follower of Lugonu.
             Slain by Terence
             ... wielding a +0 flail
              (4 damage)
             ... on level 2 of the Dungeon.
             The game lasted 00:02:36 (1069 turns).

Gargoyl the Skirmisher (Ghoul Abyssal Knight)       Turns: 1069, Time: 00:02:36

HP:   -3/37 (40)    AC: 13    Str: 14 (15) XL:     4   Next: 10%
MP:   5/5           EV:  4    Int:  7      God:    Lugonu [*.....]
Gold: 105           SH:  0    Dex:  7 (9)  Spells: 0 memorised, 3 levels left

rFire  . . .     SeeInvis .     a - +1 hand axe
rCold  + . .     Gourm    .     d - +0 plate armour
rNeg   + + +     Faith    .     (no shield)
rPois  ∞         Spirit   .     (no helmet)
rElec  .         Reflect  .     f - +1 cloak
rCorr  .         Harm     .     (no gloves)
MR     .....                    (no boots)
Stlth  ..........               (no amulet)
                                (no ring)
                                (no ring)

@: rotting
A: rotting body, claws 1, carnivore 3, cold resistance 1, negative energy
resistance 3, slow regeneration 1, torment resistance, unbreathing
a: Depart the Abyss, Renounce Religion


You were on level 2 of the Dungeon.
You worshipped Lugonu.
Lugonu was aware of your devotion.
You were not hungry.

You visited 1 branch of the dungeon, and saw 2 of its levels.
You visited the Abyss 1 time.

You collected 105 gold pieces.

Inventory:

Hand Weapons
 a - a +1 hand axe (weapon)
Armour
 d - a +0 plate armour (worn)
 f - a +1 cloak (worn)
Scrolls
 h - a scroll of amnesia
Comestibles
 c - 2 meat rations


   Skills:
 + Level 4.0 Fighting
 + Level 2.1 Axes
 * Level 2.5 Armour
 + Level 1.0 Dodging
 * Level 2.8 Invocations


You had 3 spell levels left.
You didn't know any spells.

Dungeon Overview and Level Annotations

Branches:
Dungeon (2/15)

Altars:

Annotations:
D:2 Terence


Innate Abilities, Weirdness & Mutations

Your body is rotting away.
You thrive on raw meat.
You are immune to poison.
You have sharp fingernails.
You are carnivorous and can eat meat at any time.
Your flesh is cold resistant. (rC+)
You are immune to negative energy. (rN+++)
You regenerate slowly when monsters are visible.
You are immune to unholy pain and torment.
You can survive without breathing.


Message History

Terence hits you but does no damage.
You closely miss Terence.
Terence is severely wounded.
Terence hits you but does no damage.
Okay, then.
You hit Terence but do no damage.
Terence is severely wounded.
Terence hits you but does no damage. x2
You hit Terence but do no damage.
Terence is severely wounded.
Terence hits you but does no damage.
You hit Terence.
Terence is severely wounded.
Terence hits you with a flail!
* * * LOW HITPOINT WARNING * * *
Terence barely misses you.
You closely miss Terence.
Terence is severely wounded.
Terence hits you with a flail.
You die...

##. #####<# # #.# .##
#.# ...# #.# ####
#..####.## ....
.....#..### .###
..l..... .......
#@##.# ##.....#
#.@..## ##......##
#######..####..>.....#
......................
########..............
#######.##...........
.............).......
.........##....÷.....
#####....###........#
##...##..........


You could see Terence and a frilled lizard.

Vanquished Creatures
  Jessica (D:2)
  2 adders (D:2)
  A leopard gecko (D:1)
  A ball python (D:1)
  A goblin (D:1)
  2 hobgoblins (D:1)
  3 bats
  4 frilled lizards
  4 kobolds (D:1)
  5 rats
24 creatures vanquished.

Notes
Turn   | Place    | Note
-------+----------+-------------------------------------------
     0 | Abyss:1  | Gargoyl the Ghoul Abyssal Knight began the quest for the Orb.
     0 | Abyss:1  | Reached XP level 1. HP: 19/19 MP: 1/1
    98 | Abyss:2  | Noticed a large abomination
   108 | Abyss:2  | Noticed a starcursed mass
   111 | D:1      | Escaped the Abyss
   133 | D:1      | Reached * piety under Lugonu
   201 | D:1      | Reached skill level 1 in Dodging
   303 | D:1      | Reached XP level 2. HP: 26/26 MP: 2/2
   802 | D:2      | Noticed Jessica
   829 | D:2      | Killed Jessica
   829 | D:2      | Reached XP level 3. HP: 29/32 MP: 2/4
   857 | D:2      | Reached skill level 4 in Fighting
   977 | D:2      | Reached XP level 4. HP: 26/36 MP: 5/5
  1044 | D:2      | Noticed Terence
  1068 | D:2      | HP: 1/37 [Terence/flail (8)]
  1069 | D:2      | Slain by Terence

Skill      XL: |  1  2  3 |
---------------+----------+-----
Dodging        | 1 |  1.0
Armour         | 2 |  2.5
Fighting       | 4 |  4.0
Axes           | 2 |  2.1
Invocations    | |  2.8

Action                   |  1- 3 |  4- 6 || total
-------------------------+-------+-------++-------
Melee: Hand axe          |    99 |    21 ||   120
Invok: Depart the Abyss  |     1 |       ||     1
  Use: Scroll            |     1 |     1 ||     2
       Potion            |       |     1 ||     1
  Eat: Chunk             |     4 |     1 ||     5
Armor: Plate armour      |   117 |    11 ||   128
Dodge: Dodged            |    21 |     7 ||    28
